 Dungeon Crawl Stone Soup version 0.22-a0-247-gbddf880 (webtiles) character file.

290 Amnesiac the Prestidigitator (level 6, 0/29 HPs)
             Began as a Spriggan Artificer on Feb 26, 2018.
             Shot with an arrow by a centaur (7 damage)
             ... on level 5 of the Dungeon.
             The game lasted 00:12:58 (3850 turns).

Amnesiac the Prestidigitator (Spriggan Artificer)   Turns: 3850, Time: 00:12:59

Health: 0/29       AC:  2    Str: 10    XL:     6   Next: 9%
Magic:  13/13      EV: 18    Int: 12    God:
Gold:   176        SH:  0    Dex: 17    Spells: 5/5 levels left

rFire    + . .     SeeInvis +   s - +0 hunting sling
rCold    . . .     Gourm    .   (shield restricted)
rNeg     . . .     Faith    .   b - +0 robe
rPois    .         Spirit   .   (helmet restricted)
rElec    .         Reflect  .   (no cloak)
rCorr    .         Harm     .   (gloves unavailable)
MR       +....                  (boots unavailable)
Stlth    ++........             (no amulet)
HPRegen  0.09/turn              g - ring of protection from fire
MPRegen  0.13/turn              (no ring)

@: very quick
A: very small, unfitting armour, see invisible, herbivore, speed 3, slow
metabolism 2
a: no special abilities


You were on level 5 of the Dungeon.
You were not hungry.

You visited 1 branch of the dungeon, and saw 6 of its levels.
You also visited: Sewer.

You collected 176 gold pieces.

Inventory:

Hand Weapons
 a - a +0 short sword
 s - a +0 hunting sling (weapon)
Missiles
 h - 5 stones (quivered)
Armour
 b - a +0 robe (worn)
 m - a +0 buckler
Jewellery
 e - an uncursed ring of fire
 g - a ring of protection from fire (left hand)
Wands
 d - a wand of enslavement (8)
Potions
 c - 3 potions of degeneration {!q, unknown}
 j - a potion of mutation {!q, unknown}
 k - 2 potions of invisibility {!q}
 l - 4 potions of flight {!q}
 n - a potion of resistance {!q}
 p - a potion of agility {!q}
 q - a potion of lignification {!q}
 r - a potion of heal wounds {!q}
Comestibles
 f - 7 rations


   Skills:
 - Level 0.7 Fighting
 - Level 1.1 Short Blades
 - Level 3.0 Dodging
 - Level 1.5 Stealth
 + Level 9.1 Evocations


You had 5 spell levels left.
You didn't know any spells.

Dungeon Overview and Level Annotations

Branches:
Dungeon (6/15)
 Temple: D:4-7

Altars:
Uskayaw
Vehumet
Wu Jian
Xom
Zin

Shops:
D:5 (


Innate Abilities, Weirdness & Mutations

You are very small and have problems with some larger weapons.
You are too small for most types of armour.
You have supernaturally acute eyesight. (SInv)
You are a herbivore.
You cover ground extremely quickly.
You need consume almost no food.


Message History

The centaur is severely wounded.
Firing (i - inventory. (/) - cycle)
i - 3 sling bullets (quivered)
Press: ? - help, Shift-Dir - straight line, f/p - centaur
Aim: a centaur (severely wounded)
You shoot a sling bullet.
The sling bullet hits the centaur but does no damage.
The centaur is severely wounded.
The centaur misses you.
Firing (i - inventory. (/) - cycle)
i - 2 sling bullets (quivered)
Press: ? - help, Shift-Dir - straight line, f/p - centaur
Aim: a centaur (heavily wounded)
You shoot a sling bullet.
The sling bullet hits the centaur but does no damage.
The centaur is heavily wounded.
The centaur misses you.
Firing (i - inventory. (/) - cycle)
i - a sling bullet (quivered)
Press: ? - help, Shift-Dir - straight line, f/p - centaur
Aim: a centaur (heavily wounded)
You shoot a sling bullet.
The sling bullet hits the centaur but does no damage.
The centaur is heavily wounded.
The centaur barely misses you. x2
Firing (i - inventory)
h - 10 stones (quivered)
Press: ? - help, Shift-Dir - straight line, f/p - centaur
Aim: a centaur (heavily wounded)
You shoot a stone. The stone hits the centaur!
The centaur is almost dead.
The centaur completely misses you. x2
Firing (i - inventory)
h - 9 stones (quivered)
Press: ? - help, Shift-Dir - straight line, f/p - centaur
Aim: a centaur (severely wounded)
You shoot a stone. The stone hits the centaur.
The centaur is almost dead.
The centaur closely misses you.
Firing (i - inventory)
h - 8 stones (quivered)
Press: ? - help, Shift-Dir - straight line, f/p - centaur
Aim: a centaur (almost dead)
You shoot a stone. The stone barely misses the centaur.
The centaur hits you! x2
* * * LOW HITPOINT WARNING * * *
Firing (i - inventory)
h - 7 stones (quivered)
Press: ? - help, Shift-Dir - straight line, f/p - centaur
Aim: a centaur (almost dead)
You shoot a stone. The stone hits the centaur.
The centaur is almost dead.
The centaur completely misses you. The centaur misses you.
Firing (i - inventory)
h - 6 stones (quivered)
Press: ? - help, Shift-Dir - straight line, f/p - centaur
Aim: a centaur (almost dead)
You shoot a stone. The stone barely misses the centaur.
The centaur shoots an arrow.
The arrow misses you.
The centaur shoots an arrow.
The arrow hits you.
* * * LOW HITPOINT WARNING * * *
The centaur closely misses you.
Unknown command.
The centaur shoots an arrow.
The arrow barely misses you. The centaur hits you.
* * * LOW HITPOINT WARNING * * *
You see here an arrow.
The centaur barely misses you.
You aren't carrying any scrolls.
Unknown command.
The centaur hits you.
* * * LOW HITPOINT WARNING * * *
The centaur shoots an arrow.
The arrow hits you!
You die...

................#.....
................#...
................#'######
......(.....(..........#
............##'#....(..#
.....(......#..#.......#
............#..#.......#
.......######..#.......#
.......# #####@......#
.......# #...........#
.......# #.(c.##'#####
.......# #.(..#.....#
.......#####....#.....#
................#.....#
................#######
..(.........c...#.....#
(...........#+###.....#


You could see 2 centaurs.

Vanquished Creatures
  Blork the orc (D:4)
  A hound (D:3)
  An adder (D:3)
  4 oozes (Sewer)
  An adder skeleton (D:5)
  6 worms
  2 leopard geckos
  2 orcs (D:4)
  4 giant cockroaches
  A hobgoblin (D:3)
  5 jackals
  2 kobolds (D:3)
  A ball python (Sewer)
  7 bats
  3 frilled lizards (Sewer)
41 creatures vanquished.

Vanquished Creatures (collateral kills)
  2 scorpions
  An orc wizard (D:5)
  A worker ant (D:5)
  A hound skeleton (D:4)
  An adder (D:3)
  2 leopard geckos (D:5)
  3 orcs (D:5)
  A giant cockroach (D:5)
  A hobgoblin (D:3)
  2 jackals
  A jackal zombie (D:5)
16 creatures vanquished.

Vanquished Creatures (others)
  An ogre (D:4)
1 creature vanquished.

Grand Total: 58 creatures vanquished

Notes
Turn   | Place    | Note
-------+----------+-------------------------------------------
     0 | D:1      | Amnesiac the Spriggan Artificer began the quest for the Orb.
     0 | D:1      | Reached XP level 1. HP: 9/9 MP: 4/4
    92 | D:3      | Found a hide-covered altar of Uskayaw.
   166 | D:2      | Noticed an orc wizard
   227 | D:3      | Noticed a hound
   304 | D:3      | Found a glowing drain.
   313 | D:3      | Reached skill level 5 in Evocations
   313 | D:3      | Reached XP level 2. HP: 9/14 MP: 4/6
   344 | D:3      | Reached XP level 3. HP: 10/17 MP: 8/8
   519 | Sewer    | Entered a sewer
   529 | Sewer    | Reached skill level 6 in Evocations
  1341 | Sewer    | Reached XP level 4. HP: 16/21 MP: 9/9
  2121 | D:4      | Noticed Blork the orc
  2126 | D:4      | Killed Blork the orc
  2126 | D:4      | Reached skill level 7 in Evocations
  2126 | D:4      | Reached XP level 5. HP: 17/25 MP: 11/11
  2263 | D:4      | Found an ornate altar of the Wu Jian Council.
  2290 | D:4      | Noticed an ogre
  2376 | D:4      | Reached skill level 8 in Evocations
  2542 | D:5      | Entered Level 5 of the Dungeon
  2570 | D:5      | Noticed a centaur
  2591 | D:5      | Found Kiuh's Weapon Emporium.
  2659 | D:5      | Found a shimmering altar of Xom.
  2660 | D:5      | Found a glowing silver altar of Zin.
  2660 | D:5      | Noticed an angel
  2886 | D:5      | Noticed a centaur
  3135 | D:5      | Noticed a sky beast
  3223 | D:5      | Reached skill level 9 in Evocations
  3223 | D:5      | Reached XP level 6. HP: 13/29 MP: 13/13
  3486 | D:5      | Noticed a sky beast
  3700 | D:6      | Found a radiant altar of Vehumet.
  3850 | D:5      | Shot with an arrow by a centaur

Vault maps used:
D:1:      tarquinn_simple_flora_water_c
D:2:      minmay_door_path, nicolae_gozag_cash_rules_everything_around_me,
          grunt_ministairs_5, uniq_crazy_yiuf_cottage
D:3:      old_standard_altar, cheibrodos_sewer_entry_bend, first_ration
D:4:      lemuel_doored_altar, uniq_blork_the_orc
D:5:      grunt_temple_overflow_order_and_chaos_1, serial_shops, shop
D:6:      kennysheep_ying_yang, lemuel_crystal_altar, overflow_temple_1_default,
          nrook_mini_vaults
Sewer:    sewer_fruit_machine

Skill      XL: |  1  2  3  4  5 |
---------------+----------------+-----
Evocations     | 5 6 7 9 |  9.1
Fighting       | |  0.7
Short Blades   | |  1.1
Dodging        | |  3.0
Stealth        | |  1.5

Action                   |  1- 3 |  4- 6 || total
-------------------------+-------+-------++-------
Melee: Short sword       |   105 |    61 ||   166
 Fire: Hunting sling     |       |    15 ||    15
Evoke: Wand              |    16 |    21 ||    37
  Use: Potion            |     1 |       ||     1
       Scroll            |       |     7 ||     7
 Stab: Sleeping          |     1 |     1 ||     2
  Eat: Ration            |     1 |       ||     1
Armor: Robe              |    36 |    11 ||    47
Dodge: Dodged            |   164 |    87 ||   251

Table legend:
 A = Spawn XP
 B = Non-spawn XP
 C = Spawn XP percentage of total XP
 D = Spawn monster count
 E = Non-spawn monster count
 F = Spawn count percentage of total count
 G = Total turns spent on level
                    A         B        C        D         E        F      G
               +---------+---------+-------+---------+---------+-------+---------
         Total |       0 |     415 |   0.0 |       0 |      58 |   0.0 |  3850
               +---------+---------+-------+---------+---------+-------+---------
           D:3 |       0 |      59 |   0.0 |       0 |      14 |   0.0 |   435
           D:4 |       0 |     195 |   0.0 |       0 |       8 |   0.0 |   531
           D:5 |       0 |      92 |   0.0 |       0 |      12 |   0.0 |  1275
         Sewer |       0 |      69 |   0.0 |       0 |      24 |   0.0 |  1467
               +---------+---------+-------+---------+---------+-------+---------
